 Dungeon Crawl Stone Soup version 0.29.0 (webtiles) character file.

Game seed: 8432377477703750313

710 RedCircle the Magician (level 7, -1/41 HPs)
             Began as an Octopode Conjurer on Aug 29, 2022.
             Slain by Duvessa
             ... wielding a +1 rapier of protection
              (8 damage)
             ... on level 4 of the Dungeon.
             The game lasted 00:13:09 (4245 turns).

RedCircle the Magician (Octopode Conjurer)          Turns: 4245, Time: 00:13:09

Health: -1/41      AC:  1    Str: 10    XL:     7   Next: 68%
Magic:  12/16      EV: 13    Int: 22    God:
Gold:   223        SH:  0    Dex:  7    Spells: 11/18 levels left

rFire   + . .      SeeInvis .   a - +2 halberd (pain)
rCold   . . .      Faith    .   (shield currently unavailable)
rNeg    . . .      Spirit   .   (helmet restricted)
rPois   .          Reflect  .   (no amulet)
rElec   .          Harm     .   (no ring)
rCorr   .          Rampage  .   (no ring)
Will    .....                   (no ring)
Stlth   +++.......              (no ring)
HPRegen 0.13/turn               (no ring)
MPRegen 0.15/turn               (no ring)
                                (no ring)
                                (no ring)

@: very slightly contaminated
A: almost no armour, amphibious, 8 rings, camouflage 1, gelatinous body 1,
(nimble swimmer 1), tentacles, clumsy 1, fire resistance 1, strong 1, MP-powered
wands
a: no special abilities


You were on level 4 of the Dungeon.
You visited 1 branch of the dungeon, and saw 4 of its levels.

You collected 223 gold pieces.

Inventory:

Hand Weapons
 a - a +2 halberd of pain (weapon)
 j - a +0 dagger
 q - a +0 spear
Missiles
 i - 6 poisoned darts
 k - a throwing net
Jewellery
 b - a ring of ice
Wands
 c - a wand of acid (1)
Scrolls
 d - 2 scrolls of teleportation
 p - a scroll of blinking
 r - 2 scrolls of identify
Potions
 m - a potion of attraction
 s - a potion of magic


   Skills:
 - Level 2.3 Dodging
 - Level 3.0 Stealth
 + Level 6.4 Spellcasting
 * Level 5.6 Conjurations
 * Level 1.2 Translocations


You had 11 spell levels left.
You knew the following spells:

 Your Spells              Type           Power      Damage    Failure   Level
a - Magic Dart            Conj           100%       1d8       1%          1
b - Searing Ray           Conj           64%        2d6       1%          2
c - Iskenderun's Mystic   Conj/Tloc      22%        2d6       22%         4

Your spell library contained the following spells:

 Spells                   Type           Power      Damage    Failure   Level
 Dazzling Flash           Conj/Hex       38%        N/A       9%          3
 Fulminant Prism          Conj/Hex       9%         3d7       26%         4
 Agony                    Necr           7%         N/A       94%         5
 Silence                  Hex/Air        3%         N/A       94%         5


Dungeon Overview and Level Annotations

Branches:
Dungeon (4/15)
 Temple: D:4-7

Altars:

Annotations:
D:3 3 runed translucent doors, Dani's ghost, amateur TrMo
D:4 Dowan; Duvessa


Innate Abilities, Weirdness & Mutations

You cannot wear most types of armour.
You are amphibious.
You can wear up to eight rings at the same time.
Your skin changes colour to match your surroundings (Stealth+).
Your rubbery body absorbs attacks. (AC +1, EV +1)
((You are camouflaged when in or above water. (Stealth+)))
You have tentacles for arms and can constrict up to eight enemies at once.
You are clumsy. (Dex -2)
Your flesh is heat resistant. (rF+)
Your muscles are strong. (Str +4, Int/Dex -1)
You expend magic power (3 MP) to strengthen your wands.


Message History

Duvessa hits you with a +1 rapier of protection.
Dowan casts a spell.
Dowan blinks!
The searing ray hits Duvessa.
Duvessa is moderately wounded.
Duvessa hits you with a +1 rapier of protection.
* * * LOW HITPOINT WARNING * * *
Duvessa closely misses you.
Casting: Searing Ray (safe; 1% risk of failure)
Confirm with . or Enter, or press ? or * to list all spells.
Okay, then.
You feel better. Duvessa barely misses you.
Casting: Searing Ray (safe; 1% risk of failure)
Confirm with . or Enter, or press ? or * to list all spells.
The spell is quite dangerous to miscast (22% risk of failure)!
Continue anyway?
Okay, then.
Casting: Iskenderun's Mystic Blast (quite dangerous; 22% risk of failure)
Confirm with . or Enter, or press ? or * to list all spells.
The spell is quite dangerous to miscast (22% risk of failure)!
Continue anyway?
You erupt in a blast of force!
The mystic blast hits Duvessa!
Duvessa is severely wounded.
Duvessa is knocked back by the mystic blast.
Duvessa slams into the rock wall!
You hear a shout!
Press: ? - help, v - describe, . - travel
Here: Dowan, wielding a +3 dagger and wearing a +0 robe (moderately wounded)
The floor.
Unknown command.
Magic courses through your body.
Duvessa hits you with a +1 rapier of protection!
* * * LOW HITPOINT WARNING * * *
Casting: Iskenderun's Mystic Blast (quite dangerous; 22% risk of failure)
Confirm with . or Enter, or press ? or * to list all spells.
The spell is quite dangerous to miscast (22% risk of failure)!
Continue anyway?
You miscast Iskenderun's Mystic Blast.
You are very lightly contaminated with residual magic.
Nothing appears to happen.
Duvessa says, "When magic and the sword combine, nothing stands against them."
Duvessa hits you with a +1 rapier of protection!
You die...

#####.#...##### ..
.#######...#.####
#.#
........).##......
##)..
.#####..####.....#
.....
#......#....##..
......
#......#.##### .
......# #........#
....e..###.......##
#.e@.......##
####.......#######
##.......†..<..
#......#######
########


You could see Duvessa (fast) and Dowan.

Vanquished Creatures
  Grinder (D:4)
  Sigmund (D:3)
  Menkaure (D:4)
  3 iguanas
  Jessica (D:3)
  Ijyb (D:3)
  2 gnolls (D:2)
  An adder (D:2)
  5 dart slugs
  7 orcs
  A ball python (D:1)
  4 bats
  4 endoplasms
  2 giant cockroaches
  7 hobgoblins
  3 kobolds
  2 quokkas
  7 frilled lizards
  13 rats
  A spectral hobgoblin (D:2)
67 creatures vanquished.

Notes
Turn   | Place    | Note
-------+----------+-------------------------------------------
     0 | D:1      | RedCircle the Octopode Conjurer began the quest for the
                  | Orb.
     0 | D:1      | Reached XP level 1. HP: 11/11 MP: 3/3
   373 | D:1      | Reached XP level 2. HP: 17/17 MP: 3/5
  1148 | D:2      | Found a faded altar of an unknown god.
  1205 | D:2      | Learned a level 2 spell: Searing Ray
  1559 | D:2      | Reached XP level 3. HP: 21/21 MP: 1/6
  2122 | D:2      | Reached XP level 4. HP: 27/27 MP: 2/8
  2185 | D:2      | Reached skill level 3 in Spellcasting
  2679 | D:3      | Noticed Sigmund
  2701 | D:3      | Killed Sigmund
  2702 | D:3      | Reached skill level 5 in Spellcasting
  2702 | D:3      | Reached XP level 5. HP: 31/31 MP: 1/12
  2702 | D:3      | Reached XP level 6. HP: 36/36 MP: 1/13
  2828 | D:3      | Noticed Dani's ghost (amateur TrMo)
  3056 | D:3      | Noticed Ijyb
  3065 | D:3      | Killed Ijyb
  3241 | D:3      | Gained mutation: You expend magic power (3 MP) to
                  | strengthen your wands. [potion of mutation]
  3241 | D:3      | Gained mutation: Your flesh is heat resistant. (rF+)
                  | [potion of mutation]
  3241 | D:3      | Gained mutation: You are clumsy. (Dex -2) [potion of
                  | mutation]
  3241 | D:3      | Gained mutation: Your muscles are strong. (Str +4, Int/Dex
                  | -1) [potion of mutation]
  3262 | D:3      | Noticed Jessica
  3267 | D:3      | Killed Jessica
  3380 | D:3      | Found a runed translucent gate.
  3383 | D:3      | Found a runed translucent gate.
  3384 | D:3      | Found a runed translucent gate.
  3588 | D:4      | Noticed Menkaure
  3602 | D:4      | Killed Menkaure
  3603 | D:4      | Reached skill level 6 in Spellcasting
  3603 | D:4      | Reached XP level 7. HP: 15/41 MP: 0/16
  3843 | D:4      | Learned a level 4 spell: Iskenderun's Mystic Blast
  3982 | D:4      | Noticed Grinder
  3992 | D:4      | Paralysed by Grinder for 3 turns
  4005 | D:4      | Killed Grinder
  4006 | D:4      | Reached skill level 5 in Conjurations
  4006 | D:4      | Reached skill level 1 in Translocations
  4230 | D:4      | Noticed Duvessa
  4234 | D:4      | Noticed Dowan
  4245 | D:4      | Slain by Duvessa

Illustrated notes

Levels and vault maps discovered:
D:1:      erik_arrival_blinker_ship, layout_loops_ring, nrook_uturn,
          minmay_hedge_maze, ebering_dispersal_statue_hall, minmay_tetromino_o4
D:2:      layout_loops_ring, dreamdust_ecumenical_altar_drowned_temple
D:3:      layout_rooms, gammafunk_ghost_split, grunt_ministairs_7, uniq_jessica,
          uniq_ijyb, uniq_sigmund
D:4:      layout_rooms, hangedman_abyss_or_decor_slice, uniq_menkaure,
          uniq_duvessa, uniq_grinder

Skill      XL: |  1  2  3  4  5  6  7 |
---------------+----------------------+-----
Stealth        | 3 |  3.0
Spellcasting   | 5 6 |  6.4
Conjurations   | 5 |  5.6
Translocations | 1 |  1.2
Dodging        | |  2.3

Action                   |  1- 3 |  4- 6 |  7- 9 || total
-------------------------+-------+-------+-------++-------
Melee: Unarmed           |     6 |       |       ||     6
       Constrict         |     2 |     1 |       ||     3
       Dagger            |       |     3 |       ||     3
       Tentacles         |       |     2 |       ||     2
       Punch             |       |     1 |       ||     1
       Halberd           |       |       |     4 ||     4
 Cast: Magic Dart        |    57 |    40 |    15 ||   112
       Searing Ray       |     1 |     9 |    10 ||    20
       Iskenderun's Myst |       |       |     2 ||     2
Evoke: Wand              |       |     1 |       ||     1
  Use: Scroll            |     2 |     7 |       ||     9
       Potion            |       |     8 |     2 ||    10
Armor: Skin              |       |     3 |       ||     3
Dodge: Dodged            |     6 |    28 |    12 ||    46
